 Seeded DCSS version 0.29.1-15-g9cfb28693d (webtiles) character file.

Game seed: 6279725465790686602 (custom seed)

29 Psyclone the Trooper (level 3, 28/28 HPs)
             Began as a Deep Elf Conjurer on Sept 24, 2023.
             Quit the game on level 1 of the Dungeon.
             The game lasted 00:00:37 (289 turns).

Psyclone the Trooper (Deep Elf Conjurer)             Turns: 289, Time: 00:00:38

Health: 28/28      AC:  2    Str:  4    XL:     3   Next: 1%
Magic:  9/9        EV: 12    Int: 24    God:
Gold:   42         SH:  0    Dex: 13    Spells: 7/8 levels left

rFire   . . .      SeeInvis .   (no weapon)
rCold   . . .      Faith    .   (no shield)
rNeg    . . .      Spirit   .   a - +0 robe
rPois   .          Reflect  .   (no helmet)
rElec   .          Harm     .   (no cloak)
rCorr   .          Rampage  .   (no gloves)
Will    .....                   (no boots)
Stlth   ++........              (no amulet)
HPRegen 0.09/turn               (no ring)
MPRegen 0.11/turn               (no ring)

@: no status effects
A: no striking features
a: no special abilities


You were on level 1 of the Dungeon.
You visited 1 branch of the dungeon, and saw 1 of its levels.

You collected 42 gold pieces.

Inventory:

Armour
 a - a +0 robe (worn)
Scrolls
 c - a scroll of identify {unknown}
Potions
 b - a potion of magic


   Skills:
 - Level 7.6 Fighting
 + Level 2.7 Dodging
 + Level 2.7 Stealth
 + Level 3.2 Spellcasting
 + Level 4.5 Conjurations


You had 7 spell levels left.
You knew the following spells:

 Your Spells              Type           Power      Damage    Failure   Level
a - Magic Dart            Conj           100%       1d8       1%          1

Your spell library contained the following spells:

 Spells                   Type           Power      Damage    Failure   Level
 Searing Ray              Conj           50%        2d6       2%          2
 Dazzling Flash           Conj/Hex       28%        N/A       13%         3
 Fulminant Prism          Conj/Hex       7%         3d7       38%         4
 Iskenderun's Mystic Bla  Conj/Tloc      14%        2d5       38%         4


Dungeon Overview and Level Annotations

Branches:
Dungeon (1/15) Zot: 5710

Altars:

Shops:
D:1 [


Message History

Casting: Magic Dart (safe; 1% risk of failure)
Confirm with . or Enter, or press ? or * to list all spells.
Aiming: Magic Dart (safe; 1% risk of failure)
Press: ? - help, Shift-Dir - straight line, f - bat
Aim: a bat (asleep, 100% to hit)
The magic dart hits the bat.
You kill the bat!
You now have 5/6 mp.
A quokka comes into view.
MP restored: 6
Casting: Magic Dart (safe; 1% risk of failure)
Confirm with . or Enter, or press ? or * to list all spells.
Aiming: Magic Dart (safe; 1% risk of failure)
Press: ? - help, Shift-Dir - straight line, f - quokka
Aim: a quokka (100% to hit)
The magic dart hits the quokka.
The quokka is almost dead.
You now have 5/6 mp.
Casting: Magic Dart (safe; 1% risk of failure)
Confirm with . or Enter, or press ? or * to list all spells.
Aiming: Magic Dart (safe; 1% risk of failure)
Press: ? - help, Shift-Dir - straight line, f/p - quokka
Aim: a quokka (almost dead, 100% to hit)
The magic dart hits the quokka.
You kill the quokka!
You have reached level 2!
Health restored: 15
Found a short sword.
MP restored: 8 You now have 42 gold pieces (gained 12).
c - a scroll labelled VOUCIQ JOTHRIKK
d - a bubbling cyan potion It was a potion of experience.
You feel more experienced!
Your Fighting skill gained 7 levels and is now at level 7!
You have reached level 3!
Your experience leads to an increase in your attributes!
Increase (S)trength, (I)ntelligence, or (D)exterity?
You feel clever. x2
Health restored: 28; MP restored: 9 Are you sure you want to abandon this character and quit the game? (Confirm with "yes".)

.. ... ##.##.###
.......#.# #.##.#.#.#
#.##.#.#.# ##..#.#.#.#
#.........######
#########..............#
.......@................
###.##..................
+............†....#
#...........#.....#
#...).......#.....#
##############+###. #.
#. # ##.


There were no monsters in sight!

Vanquished Creatures
  2 endoplasms (D:1)
  2 hobgoblins (D:1)
  A quokka (D:1)
  A ball python (D:1)
  2 bats (D:1)
8 creatures vanquished.

Notes
Turn   | Place    | Note
-------+----------+-------------------------------------------
     0 | D:1      | Psyclone the Deep Elf Conjurer began the quest for the Orb.
     0 | D:1      | Reached XP level 1. HP: 10/10 MP: 6/6
   116 | D:1      | Found Yzuitol's Armour Boutique.
   244 | D:1      | Reached XP level 2. HP: 15/15 MP: 5/8
   288 | D:1      | Reached skill level 7 in Fighting
   288 | D:1      | Reached XP level 3. HP: 28/28 MP: 9/9
   289 | D:1      | Quit the game

Illustrated notes

Levels and vault maps discovered:
D:1:      tarquinn_simple_flora_water_d, layout_basic,
          ebering_ecumenical_altar_abandoned, serial_shops, nicolae_shop_crystal

Skill      XL: |  1  2 |
---------------+-------+-----
Fighting       | 7 |  7.6
Dodging        | |  2.7
Stealth        | |  2.7
Spellcasting   | |  3.2
Conjurations   | |  4.5

Action                   || total
-------------------------++-------
 Cast: Magic Dart        ||    16
  Use: Potion            ||     1
Armor: Robe              ||     1
